Map: King Sejong Station LE

Players

TYTY (TY) - Winner!

  • Race: Terran Terran

ByuN

  • Race: Terran Terran

Event: 2016 WCS Global Finals

VOD

Have the link to the VOD?

Description

Time

  • Played on: Nov. 4, 2016, 6:15 p.m.
  • Length: 17:08

All games in this series

Show
View Real Time Build Order
Export as new Build Order

TYTY Terran - Winner!

Build Orders: Reaper Expand, Bio Tank 

Get SALT Encoding   

  12  0:00  SCV  
  13  0:12  SCV  
  14  0:17  Supply Depot  
  14  0:24  SCV  
  15  0:30  Refinery  
  15  0:38  SCV  
  16  0:44  Barracks  
  16  0:51  SCV  
  17  1:03  SCV  
  18  1:15  SCV  
  19  1:30  Orbital Command  
  19  1:31  Reaper  
  20  1:43  Command Center  
  20  1:54  Factory  
  20  1:58  SCV  
  21  2:08  Barracks Reactor  
  21  2:09  Supply Depot  
  21  2:12  SCV  
  21  2:24  SCV  
  22  2:36  SCV  
  23  2:38  Hellion  
  23  2:42  Refinery  
  25  2:44  Marine x2  
  25  2:45  Starport  
  25  2:49  SCV  
  28  2:55  Orbital Command  
  28  3:00  Factory Tech Lab  
  28  3:02  SCV, Marine  
  28  3:05  Marine  
  30  3:14  SCV  
  30  3:20  Marine  
  30  3:22  Cyclone  
  30  3:23  Marine  
  30  3:24  SCV  
  37  3:29  SCV  
  38  3:36  Viking  
  38  3:39  Marine  
  38  3:40  SCV, Marine  
  41  3:47  SCV  
  42  3:49  Supply Depot  
  42  3:52  SCV, Supply Depot  
  43  3:59  Siege Tank  
  46  4:03  Marine  
  46  4:11  SCV, Marine  
  46  4:13  Viking  
  46  4:15  SCV  
  51  4:18  Supply Depot  
  51  4:23  SCV  
  52  4:29  Marine x2  
  55  4:31  SCV  
  55  4:35  SCV  
  55  4:38  Siege Tank  
  51  4:47  SCV x2, Marine x2  
  48  4:59  SCV x2  
  50  5:03  Command Center  
  50  5:10  Siege Tank  
  50  5:12  Refinery, SCV  
  54  5:14  Refinery  
  54  5:18  Viking, SCV  
  57  5:25  SCV  
  57  5:27  Viking  
  59  5:29  Marine  
  59  5:31  SCV  
  60  5:37  SCV  
  60  5:43  SCV  
  60  5:49  SCV  
  65  5:55  SCV  
  65  5:56  Barracks Tech Lab  
  65  5:57  Viking, Engineering Bay  
  68  5:58  Engineering Bay  
  68  6:01  SCV  
  68  6:02  Viking  
  68  6:03  Supply Depot x3  
  68  6:07  SCV  
  69  6:13  SCV  
  69  6:15  Siege Tank, Orbital Command  
  69  6:16  Supply Depot  
  69  6:17  Marine, Stimpack  
  74  6:19  SCV  
  74  6:25  SCV  
  76  6:28  Terran Infantry Weapons Level 1  
  76  6:29  Terran Infantry Armor Level 1  
  76  6:31  SCV  
  77  6:36  Barracks x2  
  77  6:37  SCV  
  77  6:39  Refinery  
  80  6:41  Refinery, Marine  
  80  6:43  SCV x2  
  80  6:46  Medivac  
  83  6:47  Medivac  
  83  6:49  SCV  
  86  6:54  Supply Depot  
  86  6:57  SCV  
  86  7:00  Siege Tank  
  90  7:02  SCV x2  
  90  7:03  Marine  
  93  7:09  SCV  
  93  7:10  Barracks  
  93  7:11  Barracks, Supply Depot  
  93  7:14  SCV  
  93  7:15  SCV  
  95  7:18  Viking  
  95  7:21  Marine  
  98  7:26  Barracks Reactor  
  98  7:27  SCV x2, Barracks Reactor  
  99  7:31  Supply Depot  
  99  7:32  Siege Tank, Supply Depot, Medivac  
  104  7:39  Marine  
  99  7:48  SCV x2  
  99  7:57  Marine  
  101  7:58  Armory  
  101  7:59  Barracks Reactor, Factory  
  101  8:00  Barracks Reactor  
  101  8:01  Missile Turret  
  101  8:04  Siege Tank, Medivac x2  
  107  8:14  Marine x5  
  107  8:18  SCV x3  
  113  8:32  SCV x2, Marine x5  
  119  8:34  Sensor Tower  
  119  8:35  Supply Depot  
  119  8:36  Siege Tank  
  119  8:48  Marine x4  
  113  8:50  Marine  
  113  8:52  Medivac  
  113  8:54  SCV x2  
  113  8:55  Factory Tech Lab  
  120  8:56  Terran Infantry Armor Level 2  
  120  8:58  Terran Infantry Weapons Level 2  
  120  8:59  Marine x4  
  122  9:04  SCV  
  122  9:06  Marine x3  
  122  9:08  Siege Tank  
  122  9:09  Sensor Tower  
  129  9:22  Marine x4  
  129  9:23  Marine x2  
  135  9:26  Siege Tank  
  138  9:31  Medivac  
  138  9:38  Marine x3  
  141  9:40  Marine  
  141  9:41  Marine x4, Medivac  
  141  9:44  Siege Tank  
  150  9:55  Marine  
  150  9:56  Marine x3  
  150  9:58  Siege Tank  
  156  10:05  Marine x4  
  149  10:11  Terran Vehicle Weapons Level 1, Supply Depot  
  149  10:13  Supply Depot x2  
  149  10:19  Marine x3  
  149  10:29  Supply Depot, Marine  
  149  10:30  Viking x2, Marine x4, Supply Depot  
  149  10:31  Siege Tank, Supply Depot  
  149  10:33  Siege Tank  
  157  10:38  Command Center  
  157  10:39  Marine x4, Combat Shields  
  156  10:53  Marine x4  
  157  11:00  Medivac x2  
  157  11:10  SCV x2  
  151  11:12  Siege Tank x2  
  155  11:19  Marine x4  
  155  11:20  Marine x4  
  155  11:24  Refinery  
  163  11:30  Medivac x2  
  167  11:55  Siege Tank  
  167  11:57  Marine x4  
  172  12:11  Viking x2, Marine x5  
  172  12:15  Marine  
  180  12:28  Planetary Fortress  
  183  12:32  SCV x2  
  183  12:35  Marine x7  
  183  12:36  Marine x2  
  193  12:47  Terran Infantry Weapons Level 3  
  193  12:48  Terran Infantry Armor Level 3  
  187  12:53  Marine x2  
  187  12:58  Marine x4  
  186  13:01  Siege Tank  
  186  13:04  Refinery  
  189  13:12  Marine x5  
  194  13:15  Marine x4  
  191  13:30  Marine x4  
  192  13:46  Marine x4  
  192  13:47  Marine x2  
  192  13:48  Marine x2  
  159  13:51  Siege Tank  
  146  14:01  Marine  
  142  14:04  Marine x4  
  142  14:05  Marine  
  142  14:06  Marine x2  
  142  14:08  Orbital Command  
  141  14:18  SCV x2  
  141  14:19  Marine  
  129  14:27  Starport Reactor  
  129  14:29  Marine x4  
  129  14:30  Siege Tank, SCV  
  127  14:32  Marine x2  
  127  14:33  Barracks Reactor  
  127  14:37  Marine  
  127  14:47  Marine x4  
  127  14:52  Sensor Tower, Marine x2  
  132  14:55  Marine  
  133  15:03  Siege Tank  
  133  15:05  Marine x4  
  140  15:09  Marine  
  135  15:19  Marine x2  
  110  15:24  Marine x4  
  117  15:30  Marine  
  117  15:33  SCV x2  
  117  15:34  SCV  
  118  15:37  Marine x2  
  118  15:38  Viking  
  118  15:39  Viking  
  118  15:42  Marine x2  
  119  15:47  Marine x2  
  119  15:52  Siege Tank, SCV  
  119  15:55  Marine x2  
  125  16:00  Marine  
  125  16:05  Marine x2  
  123  16:13  Marine x2  
  123  16:18  Marine  
  121  16:23  Marine x2  
  109  16:40  Marine x3  
  109  16:41  Marine x2  
  87  16:55  SCV  
  89  17:06  Factory Tech Lab  
Show
View Real Time Build Order
Export as new Build Order

ByuN Terran 

Build Orders: Bio Tank 

Get SALT Encoding   

  12  0:00  SCV  
  13  0:12  SCV  
  14  0:17  Supply Depot  
  14  0:24  SCV  
  14  0:27  Refinery  
  15  0:38  SCV  
  16  0:44  Barracks  
  16  0:50  SCV  
  16  0:54  Refinery  
  17  1:03  SCV  
  18  1:15  SCV  
  19  1:30  Reaper  
  19  1:31  Orbital Command  
  20  1:36  Factory  
  20  1:47  Supply Depot  
  20  1:57  SCV  
  21  2:02  Reaper  
  22  2:12  SCV  
  23  2:20  Hellion  
  25  2:26  Command Center  
  25  2:28  SCV  
  26  2:36  Barracks Reactor  
  26  2:38  Supply Depot  
  26  2:40  SCV  
  27  2:45  Hellion  
  29  2:53  Starport  
  29  2:55  SCV  
  30  3:07  SCV  
  29  3:14  Marine x2  
  29  3:15  Factory Tech Lab  
  29  3:19  SCV  
  32  3:29  Medivac  
  32  3:32  Marine x2  
  32  3:33  Siege Tank  
  39  3:37  SCV  
  39  3:40  Orbital Command  
  40  3:49  SCV  
  40  3:50  Marine x2  
  40  3:53  Supply Depot  
  43  3:59  Viking  
  45  4:06  Cyclone  
  45  4:09  SCV x2  
  51  4:13  Marine  
  51  4:14  Marine  
  53  4:23  SCV x2  
  54  4:31  Viking  
  54  4:35  SCV x2  
  56  4:44  Marine x2  
  55  4:47  SCV x2  
  50  4:56  Siege Tank  
  50  4:59  SCV x2  
  55  5:02  Supply Depot  
  55  5:03  Command Center  
  55  5:11  SCV x2  
  55  5:12  Barracks Tech Lab  
  57  5:17  Viking x2, Refinery x2  
  61  5:23  SCV x2  
  63  5:31  Siege Tank, Marine  
  67  5:35  SCV  
  67  5:36  SCV  
  69  5:45  Barracks  
  69  5:47  Barracks  
  70  5:51  Supply Depot, Marine  
  70  5:54  Engineering Bay  
  70  5:55  Engineering Bay, Supply Depot, Stimpack  
  70  6:13  Viking x2, SCV x2, Marine  
  70  6:17  Siege Tank  
  80  6:21  Orbital Command  
  80  6:25  SCV x2  
  82  6:30  Terran Infantry Weapons Level 1, Terran Infantry Armor Level 1  
  82  6:34  Marine  
  83  6:41  Barracks  
  83  6:42  SCV  
  83  6:43  SCV  
  83  6:46  Medivac  
  87  6:48  Medivac  
  87  6:50  Barracks  
  87  6:52  SCV  
  90  6:54  SCV  
  90  6:55  SCV  
  90  6:58  Barracks Reactor x2, Supply Depot  
  92  7:04  SCV  
  92  7:06  SCV, Marine  
  92  7:07  SCV  
  96  7:12  Supply Depot x2  
  96  7:14  Refinery  
  96  7:15  Refinery  
  96  7:16  SCV  
  96  7:19  SCV x2  
  99  7:24  Marine  
  99  7:26  Medivac x2  
  99  7:28  SCV  
  99  7:29  Siege Tank  
  108  7:31  SCV  
  108  7:32  Barracks Reactor  
  108  7:33  SCV  
  101  7:40  SCV  
  101  7:42  Marine  
  95  7:46  Marine x2  
  95  7:49  Marine  
  95  7:50  Barracks Reactor, Marine  
  97  7:54  SCV x3, Supply Depot  
  97  7:55  Supply Depot, Armory  
  97  7:56  Viking  
  102  8:02  Marine  
  102  8:04  Marine  
  104  8:06  Siege Tank  
  104  8:07  Marine x3  
  104  8:09  Marine x2  
  104  8:11  SCV x2  
  114  8:19  Supply Depot  
  112  8:20  Marine  
  112  8:21  Factory  
  112  8:22  Marine  
  112  8:25  Marine  
  115  8:29  Marine x5  
  115  8:30  Marine  
  115  8:31  Viking  
  122  8:38  Siege Tank  
  125  8:43  Combat Shields  
  123  8:51  Terran Infantry Armor Level 2, Terran Infantry Weapons Level 2  
  123  8:53  Supply Depot  
  123  8:54  Marine x7  
  123  8:55  Marine x2  
  129  9:01  Missile Turret  
  130  9:06  Medivac x2  
  134  9:10  Siege Tank  
  134  9:11  Marine  
  134  9:12  Marine x6  
  134  9:13  Marine  
  145  9:21  Sensor Tower  
  145  9:24  Marine  
  145  9:29  Marine x4  
  145  9:30  Factory Tech Lab, Marine x3  
  145  9:31  Marine  
  154  9:35  Supply Depot  
  154  9:40  Supply Depot  
  154  9:43  Siege Tank  
  157  9:51  Supply Depot  
  157  9:55  Viking  
  157  9:57  Viking  
  159  10:03  Siege Tank  
  159  10:04  Marine x6  
  159  10:05  Marine  
  168  10:19  Siege Tank  
  168  10:20  Command Center  
  171  10:24  Marine  
  171  10:25  Marine x7  
  171  10:26  Marine  
  179  10:35  Siege Tank, Medivac  
  181  10:46  Marine  
  181  10:47  Marine x2  
  181  10:48  Marine x2  
  181  10:49  Marine  
  172  10:51  Siege Tank  
  172  10:52  Marine  
  172  10:54  Marine  
  172  10:55  Marine  
  147  11:04  Marine x3  
  147  11:05  Marine  
  147  11:06  Marine  
  147  11:07  Marine  
  147  11:08  Siege Tank  
  147  11:10  Marine  
  137  11:12  Marine x2  
  137  11:22  Marine x3  
  137  11:23  Siege Tank, Marine  
  137  11:24  Marine  
  137  11:25  Marine  
  142  11:28  Marine  
  144  11:33  Marine x2, Medivac x2  
  150  11:44  Siege Tank, Marine x3  
  150  11:46  Orbital Command  
  156  11:49  Marine x3  
  156  11:50  Marine  
  160  11:54  Marine x2  
  160  11:55  Siege Tank  
  160  12:16  Siege Tank, Marine  
  160  12:17  Marine x3  
  160  12:21  Marine x2  
  163  12:24  Medivac  
  165  12:32  Supply Depot  
  165  12:35  Medivac  
  164  12:39  Supply Depot  
  164  12:41  Supply Depot  
  164  12:53  Siege Tank  
  164  12:56  Marine x7  
  172  13:01  Siege Tank  
  175  13:06  Marine  
  175  13:07  Marine  
  177  13:13  Marine  
  177  13:14  Marine  
  177  13:19  Marine x2  
  171  13:30  Marine x4  
  171  13:33  Marine x3  
  178  13:37  Marine x2  
  180  13:48  Marine  
  152  13:51  Marine  
  152  13:52  Marine x2  
  152  13:55  Marine  
  149  13:56  Siege Tank x2  
  149  14:00  Medivac x2  
  154  14:09  Marine x3  
  145  14:18  Marine  
  145  14:19  Marine  
  130  14:25  Marine x3  
  130  14:26  Marine  
  130  14:28  Marine  
  130  14:29  Siege Tank, Marine  
  119  14:34  Marine  
  119  14:36  Refinery, Marine x2  
  122  14:42  Marine  
  122  14:43  Marine x2  
  122  14:44  Marine  
  126  14:46  Marine x2  
  126  14:52  Marine  
  129  14:53  Marine  
  129  14:54  Marine  
  131  15:02  Marine  
  131  15:03  Marine x3  
  131  15:04  Marine  
  136  15:13  Marine x2  
  128  15:16  Marine  
  113  15:24  Marine x2  
  113  15:25  Marine  
  116  15:29  Marine  
  116  15:30  Marine  
  116  15:32  Marine  
  116  15:33  Marine  
  116  15:35  Marine  
  120  15:39  Marine  
  122  15:48  Siege Tank  
  120  15:58  Marine x3  
  120  15:59  Marine  
  96  16:25  Marine  
  96  16:28  Marine  
  90  16:38  Marine  
Tags
 
Add a new tag
Caveats
  • Supply blocks, unpowered buildings, or Contaminate may cause inaccurate times.
  • Supply counts are checked every 10 seconds.